Map: Kairos Junction LE

Players

MobileOne - Winner!

  • Race: Terran Terran
  • League: Diamond
  • Spawn Location: 11:00

GridiroN

  • Race: Protoss Protoss
  • League: Platinum
  • Spawn Location: 5:00

VOD

Have the link to the VOD?

Description

Time

  • Played on: April 30, 2019, 8:06 p.m.
  • Length: 3:13
Show
View Real Time Build Order
Export as new Build Order

MobileOne Terran - Winner!

Build Orders:  

Get SALT Encoding   

  12  0:01  SCV  
  13  0:13  SCV  
  14  0:21  Supply Depot  
  14  0:25  SCV  
  16  0:42  SCV  
  16  0:46  Barracks  
  16  0:54  SCV  
  17  1:00  Barracks  
  17  1:07  SCV  
  18  1:15  Barracks  
  18  1:34  Marine  
  19  1:44  Supply Depot  
  19  1:46  SCV  
  20  1:47  Marine  
  20  1:53  Supply Depot  
  21  1:54  Marine  
  22  2:04  Marine  
  22  2:06  Barracks  
  23  2:09  Marine  
  23  2:14  SCV  
  25  2:19  Marine  
  26  2:23  Marine  
  26  2:27  Marine  
  28  2:36  Orbital Command  
  28  2:37  Marine  
  29  2:45  Bunker  
  29  2:48  Marine  
  30  2:55  Marine  
Show
View Real Time Build Order
Export as new Build Order

GridiroN Protoss 

Build Orders:  

Get SALT Encoding   

  12  0:00  Probe  
  13  0:13  Probe  
  14  0:24  Pylon  
  14  0:25  Probe  
  15  0:40  Probe  
  16  0:45  Gateway  
  16  0:48  Probe  
  16  0:56  Probe  
  18  1:09  Gateway  
  18  1:10  Probe  
  18  1:18  Probe  
  20  1:37  Pylon  
  19  1:47  Cybernetics Core  
  19  1:53  Nexus  
  19  1:59  Assimilator  
  19  2:01  Assimilator  
  19  2:03  Probe  
  20  2:12  Pylon, Probe  
  21  2:20  Probe  
  22  2:33  Adept  
  24  2:37  Adept  
  24  2:39  Probe  
Tags
 
Add a new tag
Caveats
  • Supply blocks, unpowered buildings, or Contaminate may cause inaccurate times.
  • Supply counts are checked every 10 seconds.